[Event "Chile-ch Women 2019"]
[Site "Santiago Las Condes"]
[Date "2019.02.17"]
[Round "9.4"]
[White "Ruiz Olate, Emily Andrea"]
[Black "Urrutia Cordova, Camila"]
[Result "1-0"]
[ECO "B23"]
[WhiteElo "1892"]
[BlackElo "1694"]
[Annotator "NA"]
[PlyCount "53"]
[EventDate "2019.02.12"]
[EventType "swiss"]
[EventCountry "CHI"]
[SourceTitle "playchess.com"]
[Source "ChessBase"]
[SourceQuality "1"]
[TimeControl "5400+30"]

1. e4 c5 2. Nc3 d6 3. f4 Nc6 4. Nf3 g6 5. Bc4 Bg7 6. O-O e6 7. d3 Nge7 8. Qe1 Nd4 9. Nxd4 cxd4 10. Ne2 a6 11. a4 Rb8 12. f5 gxf5 13. exf5 d5 14. Bb3 exf5 15. Qg3 Ng6 16. Qxb8 Be5 17. Qa7 Qh4 18. g3 Qh3 19. Nf4 Qg4 20. Bxd5 Nh4 21. Ng2 Rg8 22. Nxh4 Qxh4 23. Bf4 Bxf4 24. Rae1+ Kd7 25. Bxb7 Be3+ 26. Rxe3 dxe3 27. Bg2+ 1-0

[Event "Chile-ch Women 2019"]
[Site "Santiago Las Condes"]
[Date "2019.02.17"]
[Round "9.5"]
[White "Luna Benalcazar, Gianella"]
[Black "Hormazabal Figueroa, Constanza Va"]
[Result "1/2-1/2"]
[ECO "E90"]
[WhiteElo "1804"]
[BlackElo "1624"]
[Annotator "NA"]
[PlyCount "64"]
[EventDate "2019.02.12"]
[EventType "swiss"]
[EventCountry "CHI"]
[SourceTitle "playchess.com"]
[Source "ChessBase"]
[SourceQuality "1"]
[TimeControl "5400+30"]

1. d4 Nf6 2. Nf3 c5 3. d5 g6 4. c4 Bg7 5. Nc3 d6 6. e4 O-O 7. Bd3 Bg4 8. h3 Bxf3 9. Qxf3 Nbd7 10. Qe2 Ne8 11. Bd2 Nc7 12. Bg5 Nf6 13. Qd2 Qd7 14. Bh6 e6 15. Bxg7 Kxg7 16. O-O-O exd5 17. Nxd5 Nfxd5 18. exd5 b5 19. h4 h6 20. h5 g5 21. Qc3+ Kg8 22. Qf6 bxc4 23. Bxc4 Qg4 24. b3 Qf4+ 25. Qxf4 gxf4 26. Rh4 f3 27. Rg4+ Kh8 28. gxf3 Rae8 29. f4 Rg8 30. Rxg8+ Kxg8 31. Kd2 Re4 32. Re1 Rxf4 1/2-1/2

[Event "Chile-ch Women 2019"]
[Site "Santiago Las Condes"]
[Date "2019.02.17"]
[Round "9.6"]
[White "Aguilera Merlet, Melisa Paz"]
[Black "Romero Troncoso, Liset Anais"]
[Result "1/2-1/2"]
[ECO "C42"]
[WhiteElo "1653"]
[BlackElo "1604"]
[Annotator "NA"]
[PlyCount "159"]
[EventDate "2019.02.12"]
[EventType "swiss"]
[EventCountry "CHI"]
[SourceTitle "playchess.com"]
[Source "ChessBase"]
[SourceQuality "1"]
[TimeControl "5400+30"]

1. e4 e5 2. Nf3 Nf6 3. Nxe5 d6 4. Nf3 Nxe4 5. d4 d5 6. Bd3 Be7 7. O-O Nc6 8. c4 Nb4 9. Be2 O-O 10. Re1 Bg4 11. Ne5 Bxe2 12. Qxe2 Nf6 13. a3 Na6 14. b4 dxc4 15. b5 Nb8 16. Qxc4 Nbd7 17. Nc3 Nb6 18. Qd3 Nbd5 19. Ne2 Re8 20. Qg3 Bf8 21. Qf3 a6 22. g4 Re7 23. a4 axb5 24. Ba3 b4 25. Bc1 c6 26. Ng3 g6 27. Bg5 Bg7 28. Ne4 Re8 29. h4 Rf8 30. h5 h6 31. hxg6 fxg6 32. Bxf6 Nxf6 33. Nxg6 Nxe4 34. Nxf8 Ng5 35. Qb3+ Kxf8 36. Qxb4+ Kg8 37. Qb3+ Kh8 38. Kg2 Qxd4 39. Rad1 Qxg4+ 40. Qg3 Qxg3+ 41. Kxg3 Rxa4 42. Rd8+ Kh7 43. Rd7 Ra3+ 44. Kg2 Kg6 45. Rxb7 c5 46. Rb6+ Kf5 47. Rc1 Ne6 48. Rh1 Nf4+ 49. Kg1 Ra1+ 50. Kh2 Rxh1+ 51. Kxh1 c4 52. f3 c3 53. Rc6 Ne2 54. Kg2 Nc1 55. Kf2 Nd3+ 56. Ke2 Nb4 57. Rc5+ Ke6 58. Kd1 c2+ 59. Kd2 Bb2 60. Rxc2 Nxc2 61. Kxc2 Be5 62. Kd3 h5 63. Ke3 Bg3 64. Ke2 h4 65. Kf1 Ke5 66. Kg2 Kf4 67. Kh3 Ke3 68. Kg2 Ke2 69. Kh3 Kf2 70. f4 Kf3 71. f5 Kf4 72. f6 Kg5 73. f7 Bd6 74. Kg2 Kg4 75. Kh1 Kg3 76. Kg1 Bc5+ 77. Kh1 h3 78. f8=Q Bxf8 79. Kg1 h2+ 80. Kh1 1/2-1/2

[Event "Chile-ch Women 2019"]
[Site "Santiago Las Condes"]
[Date "2019.02.17"]
[Round "9.7"]
[White "Varela Varas, Patricia"]
[Black "Manriquez Abarzua, Maria Belen"]
[Result "0-1"]
[ECO "C22"]
[WhiteElo "1540"]
[BlackElo "1650"]
[Annotator "NA"]
[PlyCount "58"]
[EventDate "2019.02.12"]
[EventType "swiss"]
[EventCountry "CHI"]
[SourceTitle "playchess.com"]
[Source "ChessBase"]
[SourceQuality "1"]
[TimeControl "5400+30"]

1. e4 e5 2. d4 exd4 3. Qxd4 Nc6 4. Qe3 Nf6 5. Nc3 Bb4 6. Bd2 O-O 7. O-O-O Re8 8. Qg3 Rxe4 9. a3 Bd6 10. f4 Bc5 11. Bd3 Re8 12. Nf3 d5 13. Ng5 Ne7 14. h3 h6 15. Nf3 Bf5 16. Bf1 d4 17. Ne2 Ne4 18. Qe1 d3 19. Bb4 Be3+ 20. Kb1 dxc2+ 21. Kxc2 Nf2+ 22. Kb3 Nxd1 23. Nc3 Nxc3 24. Qxe3 Ncd5 25. Qc1 Nxb4 26. axb4 Nd5 27. Ne5 Qd6 28. Qc4 Be6 29. Ka3 Ne3 0-1

[Event "Chile-ch Women 2019"]
[Site "Santiago Las Condes"]
[Date "2019.02.17"]
[Round "9.8"]
[White "Melipichun Torres, Katerine"]
[Black "Zuniga Lara, Catalina Paz"]
[Result "1/2-1/2"]
[ECO "A58"]
[WhiteElo "1640"]
[BlackElo "1617"]
[Annotator "NA"]
[PlyCount "100"]
[EventDate "2019.02.12"]
[EventType "swiss"]
[EventCountry "CHI"]
[SourceTitle "playchess.com"]
[Source "ChessBase"]
[SourceQuality "1"]
[TimeControl "5400+30"]

1. d4 Nf6 2. c4 c5 3. d5 b5 4. cxb5 a6 5. bxa6 Bxa6 6. Nc3 d6 7. g3 g6 8. Bg2 Bg7 9. Nf3 Nbd7 10. h3 O-O 11. O-O Nb6 12. Nh4 Nfd7 13. Qc2 Rb8 14. Rd1 Qc7 15. Rb1 Nc8 16. b3 Qa5 17. Bb2 Na7 18. Nf3 Nb5 19. Nxb5 Bxb5 20. Bxg7 Kxg7 21. e4 Qa3 22. Nd2 Ra8 23. Bf1 Bxf1 24. Kxf1 f6 25. Rb2 Qb4 26. Nc4 Ne5 27. Kg2 Rfb8 28. Rdb1 Qb5 29. f4 Nxc4 30. bxc4 Qe8 31. Rxb8 Rxb8 32. Rxb8 Qxb8 33. Qb3 Qa7 34. a3 Qa5 35. Qb2 Qa4 36. Qc3 Qd1 37. e5 Qe2+ 38. Kg1 fxe5 39. fxe5 dxe5 40. a4 Qd1+ 41. Kf2 Qxa4 42. Qxe5+ Kf7 43. Qe6+ Ke8 44. Qc8+ Kf7 45. Qxc5 Qc2+ 46. Kf3 Qd1+ 47. Kg2 Ke8 48. Qc8+ Kf7 49. Qe6+ Ke8 50. Qg8+ Kd7 1/2-1/2